 Dungeon Crawl Stone Soup version 0.16-a0-691-g21e4870 (webtiles) character file.

329 PolkaDot the Insei (level 6, -9/47 HPs)
             Began as a Draconian Transmuter on Sept 19, 2014.
             Mangled by an ogre
             ... wielding a +0 giant spiked club
              (13 damage)
             ... on Level 4 of the Dungeon.
             The game lasted 00:22:49 (5217 turns).

PolkaDot the Insei (Draconian Transmuter)           Turns: 5217, Time: 00:22:49

HP  -9/47        AC  7     Str 12      XL: 6   Next: 25%
MP   2/10        EV 17     Int 19      God:
Gold 244         SH  0     Dex 18      Spells:  2 memorised,  6 levels left

rFire  + . .     SeeInvis .     b - 5 arrows
rCold  + . .     Clarity  .     (armour unavailable)
rNeg   . . .     rCorr    +     (no shield)
rPois  +         rRot     .     (helmet restricted)
rElec  +         Spirit   .     u - +0 cloak
SustAb +         Warding  .     (no gloves)
rMut   .         Stasis   .     (no boots)
Gourm  .                        (no amulet)
MR     .....                    v - ring of sustain abilities
                                h - +2 ring of slaying

@: confused, brilliant, agile, appendage, resistant, very slightly contaminated,
hasted, very quick, not resistant to hostile enchantments, unstealthy
A: unfitting armour, horns 2, cold-blooded, AC +6
a: End Transformation


You were on level 4 of the Dungeon.
You were hungry.
You had grown temporary horns.
You visited 1 branch of the dungeon, and saw 4 of its levels.
You also visited: Sewer.

You collected 244 gold pieces.

Inventory:

Missiles
 b - 5 arrows (in hand)
 t - 2 throwing nets (quivered)
Armour
 u - a +0 cloak (worn)
Comestibles
 a - 5 bread rations
 l - a royal jelly
 s - 2 rotting chunks of orc flesh
 A - a rotting chunk of adder flesh
 B - a chunk of giant gecko flesh
Scrolls
 f - a scroll of fear {unknown}
 j - 2 scrolls of random uselessness {unknown}
 n - 3 scrolls of identify {unknown}
 p - 2 scrolls of magic mapping {unknown}
 r - a scroll of enchant weapon {unknown}
 w - 4 scrolls of teleportation
 y - a scroll of amnesia {unknown}
Jewellery
 h - a +2 ring of slaying (left hand)
 v - a ring of sustain abilities (right hand)
Potions
 g - a potion of haste
 i - a potion of agility
 o - 2 potions of brilliance
 z - 5 potions of flight
Books
 c - a book of the Dragon

   Spells                             Type                      Level
   Flight                             Charms/Air                   3
   Cause Fear                         Hexes                        4
   Bolt of Fire                       Conjuration/Fire             6
   Dragon Form                        Transmutation                7
   Dragon's Call                      Summoning                    9
 d - a book of Changes

   Spells                             Type                      Level
   *Beastly Appendage                 Transmutation                1
   *Sticks to Snakes                  Transmutation                2
   Spider Form                        Transmutation/Poison         3
   Ice Form                           Ice/Transmutation            4
   Blade Hands                        Transmutation                5


   Skills:
 - Level 1.1 Fighting
 - Level 1.7 Dodging
 * Level 6.6 Unarmed Combat
 - Level 2.0 Spellcasting
 - Level 3.0 Transmutations


You had 6 spell levels left.
You knew the following spells:

 Your Spells              Type           Power        Failure   Level  Hunger
a - Beastly Appendage     Trmt           ###...       1%          1    #......
b - Sticks to Snakes      Trmt           ###.......   1%          2    ##.....


Dungeon Overview and Level Annotations

Branches:
Dungeon (4/15)
 Temple: D:4-7

Altars:
Elyvilon
Sif Muna
Zin
The Shining One


Innate Abilities, Weirdness & Mutations

Your plain brown scales are hard (AC +6).
Your body does not fit into most forms of armour.
Your cold-blooded metabolism reacts poorly to cold.
You have a pair of horns on your head.


Message History

Drink which item? (? for menu, Esc to quit)
You feel clever all of a sudden.
It was a potion of brilliance.
Your ball python bites the ogre.
Drink which item? (? for menu, Esc to quit)
You feel refreshed.
It was a potion of restore abilities.
Your ball python closely misses the ogre.
The ogre hits you with a giant spiked club!
* * * LOW HITPOINT WARNING * * *
Drink which item? (? for menu, Esc to quit)
You are confused.
It was a potion of confusion.
Your ball python closely misses the ogre.
Drink which item? (? for menu, Esc to quit)
Okay, then.
Unknown command.
Drink which item? (? for menu, Esc to quit)
You feel protected.
It was a potion of resistance.
The ogre hits you with a giant spiked club!
You die...

##########
#@S.......
#O########
#w# #.#
###'###
#.....#
..#####.....#
#.....O.....#
.#..........#


You could see a worm, an ogre and a friendly ball python.

Vanquished Creatures
  2 mermaids (Sewer)
  A siren (Sewer)
  9 adders
  2 gnolls (D:3)
  3 green rats (Sewer)
  2 giant mites (Sewer)
  6 giant geckos
  4 orcs
  6 ball pythons
  16 bats
  8 giant cockroaches
  13 hobgoblins
  10 jackals
  6 kobolds
  2 quokkas (D:2)
  6 giant newts
  9 goblins
  28 rats
133 creatures vanquished.

Vanquished Creatures (collateral kills)
  A green rat (Sewer)
  A gnoll (D:3)
  2 ball pythons (Sewer)
  2 rats (Sewer)
6 creatures vanquished.

Vanquished Creatures (others)
  3 drowned souls (Sewer)
  A rat (D:2)
4 creatures vanquished.

Grand Total: 143 creatures vanquished

Notes
Turn   | Place    | Note
--------------------------------------------------------------
     0 | D:1      | PolkaDot, the Draconian Transmuter, began the quest for the Orb.
     0 | D:1      | Reached XP level 1. HP: 16/16 MP: 3/3
   104 | D:1      | Reached XP level 2. HP: 5/23 MP: 4/4
   403 | D:1      | Learned a level 2 spell: Sticks to Snakes
  1041 | D:1      | Reached XP level 3. HP: 23/28 MP: 6/6
  1568 | D:2      | Found a glowing golden altar of the Shining One.
  1604 | D:2      | Reached skill level 4 in Unarmed Combat
  1634 | D:2      | Found a white marble altar of Elyvilon.
  2417 | D:2      | Reached XP level 4. HP: 33/35 MP: 5/7
  2457 | D:2      | Found a deep blue altar of Sif Muna.
  2818 | D:3      | Found a glowing drain.
  2888 | Sewer    | Entered a sewer
  3212 | Sewer    | Reached skill level 5 in Unarmed Combat
  3449 | Sewer    | Reached XP level 5. HP: 40/40 MP: 9/9
  3919 | Sewer    | Noticed a drowned soul
  3922 | Sewer    | Killed a drowned soul
  3923 | Sewer    | Noticed a drowned soul
  3924 | Sewer    | Noticed a drowned soul
  3925 | Sewer    | Noticed a drowned soul
  3926 | Sewer    | Killed a drowned soul
  3927 | Sewer    | Noticed a drowned soul
  3928 | Sewer    | Noticed a drowned soul
  3930 | Sewer    | Killed a drowned soul
  3931 | Sewer    | Noticed a drowned soul
  3931 | Sewer    | Noticed a drowned soul
  4140 | Sewer    | Reached skill level 6 in Unarmed Combat
  4347 | D:3      | Found a glowing silver altar of Zin.
  4617 | D:3      | Reached XP level 6. HP: 47/47 MP: 10/10
  5217 | D:4      | Mangled by an ogre

Action                   |  1- 3 |  4- 6 || total
-------------------------+-------+-------++-------
Melee: Unarmed           |   156 |   199 ||   355
 Cast: Beastly Appendage |    14 |    22 ||    36
       Sticks to Snakes  |       |    20 ||    20
  Use: Scroll            |       |     1 ||     1
       Potion            |       |     7 ||     7
  Eat: Chunk             |     4 |     7 ||    11
       Bread ration      |       |     1 ||     1
